 Dungeon Crawl Stone Soup version 0.30-b1-2-g02819fbbbe (webtiles) character file.

Game seed: 15325532443976698932

906 LLlMATKO the Trooper (level 7, 0/64 HPs)
             Began as a Minotaur Berserker on Aug 26, 2023.
             Was a Believer of Trog.
             Killed from afar by an orc wizard (7 damage)
             ... with a magic dart
             ... on level 6 of the Dungeon.
             The game lasted 00:03:16 (4666 turns).

LLlMATKO the Trooper (Minotaur Berserker)           Turns: 4666, Time: 00:03:16

Health: 0/64       AC: 10    Str: 23    XL:     7   Next: 81%
Magic:  6/6        EV:  9    Int:  4    God:    Trog [**....]
Gold:   266        SH:  0    Dex: 10    Spells: 6/6 levels left

rFire   . . .        a - +0 hand axe
rCold   . . .        i - +0 buckler
rNeg    . . .        q - +0 chain mail
rPois   .            h - +0 hat
rElec   .            (no cloak)
rCorr   .            (no gloves)
SInv    .            (no boots)
Will    .....        (no amulet) Stlth
                     (no ring)
HPRegen 0.30/turn    (no ring)
MPRegen 0.10/turn

%: no passive effects
@: confused
A: horns 2, retaliatory headbutt
a: Renounce Religion, Berserk, Trog's Hand


You were on level 6 of the Dungeon.
You worshipped Trog.
Trog was pleased with you.
You visited 1 branch of the dungeon, and saw 6 of its levels.

You collected 266 gold pieces.

Inventory:

Hand Weapons
 a - a +0 hand axe (weapon)
 t - a +0 hand axe
Missiles
 g - 10 poisoned darts (quivered)
 l - 10 boomerangs
Armour
 h - a +0 hat (worn)
 i - a +0 buckler (worn)
 q - a +0 chain mail (worn)
Wands
 o - a wand of roots (16)
Scrolls
 b - 2 scrolls of teleportation {unknown}
 c - a scroll of fog {unknown}
 e - a scroll of blinking {unknown}
 f - 2 scrolls of identify {unknown}
 m - a scroll of noise {unknown}
 s - 2 scrolls of fear {unknown}
 v - a scroll of brand weapon {unknown}
Potions
 d - a potion of degeneration {unknown}
 j - 2 potions of might {unknown}
 k - 2 potions of flight {unknown}
 n - a potion of brilliance {unknown}
 p - 2 potions of mutation {unknown}
 r - 3 potions of curing {unknown}
 u - a potion of heal wounds {unknown}


   Skills:
 + Level 6.3 Fighting
 + Level 6.3 Axes
 + Level 5.7 Armour
 + Level 5.1 Dodging
 + Level 2.1 Shields


You had 6 spell levels left.
You didn't know any spells.
Your spell library was empty.

Dungeon Overview and Level Annotations

Branches:
Dungeon (6/15)             Temple (0/1) D:4

Altars:
Uskayaw
Vehumet

Shops:
D:1 ?   D:5 (


Innate Abilities, Weirdness & Mutations

You have a pair of horns on your head.
You reflexively headbutt those who attack you in melee.


Message History

Unknown command.
You completely miss something. You closely miss the adder. You miss something.
Something hits you. Something hits you but does no damage.
The adder closely misses you.
Unknown command.
You're too confused to move!
Something hits you but does no damage. x2
The adder barely misses you.
You miss something. Your headbutt misses something.
You completely miss something. You hit the adder but do no damage.
The adder bites you but does no damage.
Something hits you but does no damage. x2
The adder bites you.
Something hits you but does no damage. x2
Unknown command.
Something hits you but does no damage. The adder attacks as you move away!
The adder misses you.
You hear some strange, mumbled words.
You are more confused.
Unknown command.
You completely miss something. You barely miss the adder.
The adder bites you but does no damage.
Unknown command.
You completely miss something. You miss something. You hit the adder.
You kill the adder!
Trog accepts your kill. Something hits you. x2
* * * LOW HITPOINT WARNING * * *
Unknown command.
You hit something. You miss something.
You hear some strange, mumbled words.
A magic dart appears from out of thin air!
The magic dart hits you but does no damage.
You hear some strange, mumbled words.
A puff of flame appears from out of thin air!
The puff of flame hits you!
* * * LOW HITPOINT WARNING * * *
You hit something. You closely miss something.
You recover from your berserk rage.
You hear some strange, mumbled words.
A magic dart appears from out of thin air!
The magic dart hits you!
You die...

.# ## #.# ..
>.. .##.##.##
###.# .......#
(....##......#
#.........).#
...........#
#.......#
##....){†#
###..#...{@#
.........)##
#.###..###...##
#.....####.#.#
......†......#
#.......<...##
#..........##
##...#...###
#.....#.#


There were no monsters in sight!

Vanquished Creatures
  A vampire (D:6)
  The ghost of Farlane the Chopper, an amateur HOMo (D:4)
  A black bear (D:5)
  A phantom (D:5)
  A bullfrog (D:5)
  2 scorpions
  3 hounds
  2 jellies
  An orc wizard (D:4)
  7 adders
  A white imp (D:5)
  An ufetubus (D:3)
  3 worms
  2 dart slugs
  12 orcs
  6 endoplasms
  3 goblins
  A hobgoblin (D:4)
  5 jackals
  5 quokkas
  A ball python (D:1)
  2 bats
  A frilled lizard (D:3)
  6 kobolds
  A rat (D:3)
70 creatures vanquished.

Vanquished Creatures (others)
  2 withered plants (D:4)
2 creatures vanquished.

Grand Total: 72 creatures vanquished

Notes
Turn   | Place    | Note
-------+----------+-------------------------------------------
     0 | D:1      | LLlMATKO the Minotaur Berserker began the quest for the
                  | Orb.
     0 | D:1      | Reached XP level 1. HP: 19/19 MP: 0/0
   111 | D:1      | Found Zyathrouts's Magic Scroll Boutique.
   124 | D:1      | Reached XP level 2. HP: 27/27 MP: 1/1
  1582 | D:3      | Reached XP level 3. HP: 31/33 MP: 2/2
  1708 | D:3      | Found a hide-covered altar of Uskayaw.
  1711 | D:3      | Found a radiant altar of Vehumet.
  1880 | D:3      | Reached ** piety under Trog
  2459 | D:4      | Found a staircase to the Ecumenical Temple.
  2506 | D:4      | Found a runed translucent door.
  2507 | D:4      | Noticed Farlane's ghost (amateur HOMo)
  2584 | D:4      | Reached XP level 4. HP: 39/41 MP: 3/3
  2976 | D:4      | Reached XP level 5. HP: 47/47 MP: 4/4
  3470 | D:4      | Reached skill level 5 in Fighting
  3470 | D:4      | Reached skill level 5 in Axes
  3796 | D:4      | Killed Farlane's ghost
  3797 | D:4      | Reached XP level 6. HP: 56/56 MP: 5/5
  3837 | D:5      | Entered Level 5 of the Dungeon
  3944 | D:5      | Reached skill level 5 in Armour
  3944 | D:5      | Reached XP level 7. HP: 59/62 MP: 6/6
  4099 | D:5      | Found Wutaz's Weapon Shop.
  4325 | D:5      | Reached skill level 1 in Shields
  4580 | D:6      | Noticed a vampire
  4627 | D:6      | Killed a vampire
  4628 | D:6      | Reached skill level 5 in Dodging
  4666 | D:6      | Killed from afar by an orc wizard

Illustrated notes

Levels and vault maps discovered:
D:1:      minmay_arrival_arboretum_small, layout_basic, serial_shops,
          nicolae_shop_advertising_works [nicolae_subvault_shop_adworks],
          serial_bayou_pond_e, minmay_tetromino_o4
D:2:      layout_loops_ring
D:3:      layout_basic, minitemple, grunt_decor_resistance
D:4:      layout_layer_cave, minmay_temple_entry_ruins, gammafunk_ghost_grave
D:5:      layout_cave_pools, serial_shops, nicolae_shop_bloodbath_and_beyond
D:6:      black_bear_nest_2, layout_rooms, chequers_temple_overflow_minitemple,
          serial_park_tiny_2, kennysheep_decorative_pillar, feat_on_display

Skill      XL: |  1  2  3  4  5  6  7 |
---------------+----------------------+-----
Fighting       | 4 5 6 |  6.3
Axes           | 4 5 6 |  6.3
Armour         | 3 4 5 |  5.7
Dodging        | 3 4 5 |  5.1
Shields        | 2 |  2.1

Action                     |  1- 3 |  4- 6 |  7- 9 || total
---------------------------+-------+-------+-------++-------
  Melee: Hand axe          |    66 |    89 |    86 ||   241
         Headbutt          |    12 |     9 |     8 ||    29
  Throw: Dart              |     6 |       |       ||     6
 Invoke: Berserk           |     1 |     2 |     1 ||     4
         Trog's Hand       |       |     1 |       ||     1
 Armour: Scale mail        |    20 |       |       ||    20
         Animal skin       |     2 |       |       ||     2
         Chain mail        |     7 |    50 |    54 ||   111
  Dodge: Dodged            |    35 |    35 |    40 ||   110
  Block: Buckler           |     1 |     9 |    15 ||    25
